 Dungeon Crawl Stone Soup version 0.31-a0-177-g4aa6249778 (webtiles) character file.

Game seed: 4645152085296235831

1230 qw the Chopper (level 8, -5/50 HPs)
             Began as a Gargoyle Fighter on June 18, 2023.
             Shot with an arrow by a centaur (8 damage)
             ... on level 6 of the Dungeon.
             The game lasted 00:01:45 (4615 turns).

qw the Chopper (Gargoyle Fighter)                   Turns: 4615, Time: 00:01:46

Health: -5/50      AC: 15    Str: 21    XL:     8   Next: 48%
Magic:  8/8        EV:  8    Int:  8    God:
Gold:   248        SH:  4    Dex: 13    Spells: 7/7 levels left

rFire   . . .        Y - +0 war axe (chaos)
rCold   . . .        c - +0 buckler
rNeg    + . .        l - +0 chain mail
rPois   inf          (no helmet)
rElec   +            f - +0 cloak
rCorr   .            (no gloves)
SInv    +            (no boots)
Will    .....        (no amulet) Stlth
                     h - +4 ring of slaying {mikee}
HPRegen 0.28/turn    q - ring of see invisible
MPRegen 0.11/turn

%: no passive effects
@: no status effects
A: sickness immunity, AC +5, negative energy resistance 1, electricity
resistance, torment resistance 1, petrification resistance, agile 1, mutation
resistance 1
a: no special abilities


You were on level 6 of the Dungeon.
You visited 2 branches of the dungeon, and saw 7 of its levels.

You collected 248 gold pieces.


Innate Abilities, Weirdness & Mutations

You are immune to sickness and miasma.
Your stone body is resilient. (AC +5)
You are immune to poison.
You resist negative energy. (rN+)
You are resistant to electric shocks. (rElec)
You are resistant to unholy torment.
You are immune to petrification.
You are agile. (Dex +4, Str/Int -1)
You are somewhat resistant to further mutation.


   Skills:
 - Level 5.5 Fighting
 + Level 7.4 Axes
 - Level 3.0 Throwing
 - Level 3.2 Armour
 - Level 1.6 Dodging
 - Level 3.2 Shields


You had 7 spell levels left.
You didn't know any spells.
Your spell library was empty.

Inventory:

Hand Weapons
 p - a +0 war axe
 s - a +2 flail of holy wrath
 Y - a +0 war axe of chaos (weapon)
Missiles
 t - a javelin (quivered)
Armour
 c - a +0 buckler (worn)
 f - a +0 cloak (worn)
 l - a +0 chain mail (worn)
 o - a +0 pair of gloves
Jewellery
 h - a +4 ring of slaying (left hand) {mikee}
 j - a ring of fire
 q - a ring of see invisible (right hand)
Wands
 g - a wand of digging (7)
Scrolls
 b - a scroll of identify
Potions
 a - a potion of cancellation
 d - a potion of might
 e - a potion of resistance
 i - a potion of heal wounds
 k - a potion of lignification
 m - 2 potions of haste
 n - a potion of curing
 r - a potion of brilliance {unknown}

Dungeon Overview and Level Annotations

Branches:
Dungeon (6/15)             Temple (1/1) D:5

Altars:
Ashenzari
Cheibriados
Fedhas
Kikubaaqudgha
Makhleb
Nemelex Xobeh
Trog
Vehumet
Xom
Yredelemnul

Annotations:
D:4 3 runed translucent doors, qw's ghost, amateur GrFi


Message History

Enter note:
Enter note:
Enter note:
Enter note: You hit Grinder.
Grinder is lightly wounded.
The centaur shoots an arrow.
The arrow hits you but does no damage. Grinder hits you.
You writhe in agony.
Grinder hits you but does no damage.
The centaur shoots an arrow.
The arrow hits you but does no damage.
You hit Grinder.
Grinder is lightly wounded.
The centaur shoots an arrow.
The arrow hits you. Grinder hits you!
You slash Grinder!
Grinder suddenly seems more agile.
Grinder is heavily wounded.
The centaur shoots an arrow.
The arrow hits you but does no damage.
The centaur shoots an arrow.
The arrow hits you. Grinder barely misses you.
You hit Grinder.
Grinder goes berserk!
Grinder is severely wounded.
The centaur shoots an arrow.
The arrow hits you but does no damage. Grinder hits you but does no damage.
Grinder hits you!
You writhe in agony.
The centaur shoots an arrow.
You block the arrow.
4611 ||| DRINKING 2 potions of heal wounds.
You feel much better.
The centaur shoots an arrow.
The arrow closely misses you. Grinder hits you.
You writhe in agony.
You hit Grinder.
Grinder is severely wounded.
The centaur shoots an arrow.
The arrow hits you. Grinder barely misses you.
The centaur shoots an arrow.
The arrow hits you. Grinder hits you.
You writhe in agony.
You slash Grinder!
You kill Grinder!
The centaur shoots an arrow.
The arrow barely misses you.
The centaur shoots an arrow.
The arrow hits you.
Your Throwing skill gained 2 levels and is now at level 3!
The centaur shoots an arrow.
The arrow hits you.
Found a stone staircase leading up.
The centaur shoots an arrow.
The arrow hits you!
The centaur shoots an arrow.
The arrow hits you!
You die...

.......................
......<.................
........................
........................
........................
........................
........!...............
........................
.##...@.#.#############
<..............
...c....##.#...
.......###.#.... .......
(.# ... ..?.... ..# ...
....... .. .......


You could see a centaur.

Vanquished Creatures
  Grinder (D:6)
  Eustachio (D:5)
  A black bear (D:6)
  An ice beast (D:5)
  An ogre (D:4)
  2 phantoms
  Blork the orc (D:5)
  A bullfrog (D:5)
  A centaur zombie (D:4)
  A hound (D:6)
  An orc priest (D:4)
  An iguana (D:4)
  3 orc wizards
  2 adders
  2 white imps
  An ufetubus (D:5)
  An adder zombie (D:4)
  A worm (D:3)
  3 dart slugs
  9 orcs
  7 ball pythons
  5 endoplasms
  9 goblins
  12 hobgoblins
  5 jackals
  10 quokkas
  10 bats
  A frilled lizard (D:1)
  5 kobolds
  3 rats
102 creatures vanquished.

Notes
Turn   | Place    | Note
-------+----------+-------------------------------------------
     0 | D:1      | qw the Gargoyle Fighter began the quest for the Orb.
     0 | D:1      | Reached XP level 1. HP: 14/14 MP: 1/1
     0 | D:1      | 0 ||| qw: Version: 0.3-a-5-g6f28e65
     0 | D:1      | 0 ||| qw: Game counter: 639
     0 | D:1      | 0 ||| qw: Always use a shield: true
     0 | D:1      | 0 ||| qw: God list: Okawaru
     0 | D:1      | 0 ||| qw: Allow faded altars: false
     0 | D:1      | 0 ||| qw: Do Orc after D:15 true
     0 | D:1      | 0 ||| qw: Do second Lair branch before Depths: true
     0 | D:1      | 0 ||| qw: Lair rune preference: random
     0 | D:1      | 0 ||| qw: Plans: Normal, Zot:1-4, Slime:5, God:TSO, Crypt,
                  | Tomb, Abyss, Pan, Hells, Win
     0 | D:1      | 0 ||| PLANNING D:1-11
    94 | D:1      | Reached skill level 2 in Axes
   178 | D:1      | Reached XP level 2. HP: 19/19 MP: 2/2
   186 | D:1      | 186 ||| Stepping ~*~*~tactically~*~*~ (stealth).
   228 | D:1      | 228 ||| Stepping ~*~*~tactically~*~*~ (stealth).
   305 | D:1      | Reached skill level 3 in Axes
   331 | D:1      | Reached XP level 3. HP: 23/23 MP: 3/3
   332 | D:1      | 332 ||| Stepping ~*~*~tactically~*~*~ (stealth).
   556 | D:1      | Found a faded altar of an unknown god.
   994 | D:1      | Reached skill level 1 in Throwing
  1042 | D:1      | 1042 ||| READING scroll labelled SAONOI KUAKE.
  1043 | D:1      | 1043 ||| READING scroll labelled CUUXKOEPRO.
  1144 | D:1      | 1144 ||| READING scroll labelled ZIECOM ANE.
  1145 | D:1      | 1145 ||| READING scroll labelled GIAMPAPELU.
  1146 | D:1      | 1146 ||| DRINKING 3 glowing brown potions.
  1329 | D:2      | 1329 ||| Stepping ~*~*~tactically~*~*~ (stealth).
  1334 | D:2      | 1334 ||| Stepping ~*~*~tactically~*~*~ (stealth).
  1335 | D:2      | 1335 ||| Stepping ~*~*~tactically~*~*~ (stealth).
  1336 | D:2      | 1336 ||| Stepping ~*~*~tactically~*~*~ (stealth).
  1937 | D:2      | 1937 ||| UPGRADING to +0 cloak.
  2033 | D:3      | 2033 ||| Stepping ~*~*~tactically~*~*~ (hiding).
  2071 | D:3      | Reached XP level 4. HP: 28/28 MP: 4/4
  2151 | D:3      | Found a shimmering altar of Xom.
  2370 | D:3      | Found a shimmering altar of Xom.
  2449 | D:3      | 2449 ||| Stepping ~*~*~tactically~*~*~ (stealth).
  2451 | D:3      | 2451 ||| Stepping ~*~*~tactically~*~*~ (stealth).
  2561 | D:3      | Reached skill level 4 in Axes
  2726 | D:3      | 2726 ||| DROPPING +0 club.
  2791 | D:3      | 2791 ||| UPGRADING to +4 ring of slaying {mikee}.
  2792 | D:3      | 2792 ||| READING scroll labelled LALASOVUHO.
  2793 | D:3      | 2793 ||| READING scroll labelled LIFUOWUYRI.
  2794 | D:3      | 2794 ||| READING scroll labelled FOMADEC BORU.
  2839 | D:3      | 2839 ||| READING scroll labelled KEGONGEAD.
  2840 | D:3      | 2840 ||| READING scroll labelled VAOWES YSU.
  2841 | D:3      | 2841 ||| DRINKING 2 sedimented white potions.
  2880 | D:3      | 2880 ||| DRINKING 2 ruby potions.
  2898 | D:4      | Found a broken altar of Ashenzari.
  2928 | D:4      | 2928 ||| Stepping ~*~*~tactically~*~*~ (stealth).
  2933 | D:4      | 2933 ||| Stepping ~*~*~tactically~*~*~ (stealth).
  2946 | D:4      | 2946 ||| Stepping ~*~*~tactically~*~*~ (stealth).
  3033 | D:4      | Reached XP level 5. HP: 26/32 MP: 5/5
  3080 | D:4      | 3080 ||| Stepping ~*~*~tactically~*~*~ (stealth).
  3090 | D:4      | Reached skill level 5 in Axes
  3169 | D:4      | Noticed an ogre
  3170 | D:4      | 3170 ||| Stepping ~*~*~tactically~*~*~ (stealth).
  3181 | D:4      | Killed an ogre
  3182 | D:4      | Reached XP level 6. HP: 33/39 MP: 6/6
  3227 | D:4      | 3227 ||| Stepping ~*~*~tactically~*~*~ (stealth).
  3240 | D:4      | Reached skill level 1 in Dodging
  3291 | D:4      | Found a runed translucent gate.
  3291 | D:4      | Found a runed translucent gate.
  3291 | D:4      | Found a runed translucent gate.
  3291 | D:4      | Noticed qw's ghost (amateur GrFi)
  3292 | D:4      | 3292 ||| DROPPING +0 hand axe.
  3294 | D:4      | 3294 ||| UPGRADING to +0 chain mail.
  3322 | D:4      | 3322 ||| UPGRADING to +0 scale mail.
  3327 | D:4      | 3327 ||| UPGRADING to +0 chain mail.
  3337 | D:4      | 3337 ||| DROPPING +0 scale mail.
  3338 | D:4      | Found a basalt altar of Yredelemnul.
  3527 | D:4      | 3527 ||| DRINKING 2 silvery potions.
  3553 | D:5      | Entered Level 5 of the Dungeon
  3651 | D:5      | Reached XP level 7. HP: 44/44 MP: 7/7
  3715 | D:5      | 3715 ||| Stepping ~*~*~tactically~*~*~ (hiding).
  3840 | D:5      | Noticed Blork the orc
  3841 | D:5      | 3841 ||| Stepping ~*~*~tactically~*~*~ (hiding).
  3850 | D:5      | Killed Blork the orc
  3851 | D:5      | Reached skill level 6 in Axes
  3997 | D:5      | 3997 ||| Stepping ~*~*~tactically~*~*~ (hiding).
  3998 | D:5      | 3998 ||| Stepping ~*~*~tactically~*~*~ (hiding).
  4164 | D:5      | Reached skill level 7 in Axes
  4172 | D:5      | Noticed Eustachio
  4183 | D:5      | Killed Eustachio
  4184 | D:5      | Reached XP level 8. HP: 43/50 MP: 8/8
  4306 | D:5      | Found a staircase to the Ecumenical Temple.
  4307 | D:5      | 4307 ||| PLANNING TEMPLE
  4307 | D:5      | 4307 ||| UPGRADING to ring of see invisible.
  4308 | D:5      | 4308 ||| DRINKING 2 fizzy white potions.
  4309 | D:5      | 4309 ||| DRINKING 2 black potions.
  4309 | D:5      | Gained mutation: Your magical capacity is low. (-10% MP)
                  | [potion of mutation]
  4309 | D:5      | Gained mutation: Your large and strong wings let you fly.
                  | [potion of mutation]
  4309 | D:5      | Gained mutation: You are frail. (-10% HP) [potion of
                  | mutation]
  4310 | D:5      | 4310 ||| DRINKING potion of mutation.
  4310 | D:5      | Lost mutation: Your magical capacity is low. (-10% MP)
                  | [potion of mutation]
  4310 | D:5      | Lost mutation: You are frail. (-10% HP) [potion of
                  | mutation]
  4310 | D:5      | Lost mutation: Your large and strong wings let you fly.
                  | [potion of mutation]
  4310 | D:5      | Gained mutation: You are agile. (Dex +4, Str/Int -1)
                  | [potion of mutation]
  4310 | D:5      | Gained mutation: You are somewhat resistant to further
                  | mutation. [potion of mutation]
  4325 | D:5      | 4325 ||| READING 2 scrolls of identify.
  4325 | D:5      | 4325 ||| IDENTIFYING fuming clear potion
  4332 | Temple   | Entered the Ecumenical Temple
  4361 | Temple   | 4361 ||| PLANNING D:1-11
  4601 | D:6      | Noticed Grinder
  4601 | D:6      | Paralysed by Grinder for 4 turns
  4610 | D:6      | HP: 11/50 [Grinder (2)]
  4611 | D:6      | 4611 ||| DRINKING 2 potions of heal wounds.
  4613 | D:6      | Killed Grinder
  4614 | D:6      | Reached skill level 3 in Throwing
  4615 | D:6      | HP: 3/50 [centaur/arrow (11)]
  4615 | D:6      | Shot with an arrow by a centaur

Levels and vault maps discovered:
D:1:      dpeg_arrival_tiny_h, layout_basic, nicolae_ecumenical_snake_handling
D:2:      layout_basic
D:3:      layout_loops_ring, xom_redecorated
D:4:      layout_rooms, mainiacjoe_overflow_tiny_flanked,
          nicolae_yredelemnul_ghost_church, corexii_corridor_pit
D:5:      layout_loops_cross, minmay_temple_entry_hall, uniq_blork_the_orc,
          uniq_eustachio
D:6:      layout_basic, grunt_gozag_breadcrumbs, serial_shops, shop,
          uniq_grinder
Temple:   nicolae_temple_little_seven

Skill      XL: |  1  2  3  4  5  6  7  8 |
---------------+-------------------------+-----
Axes           | 2 3 4 5 7 |  7.4
Throwing       | 1 3 |  3.0
Fighting       | 4 5 |  5.5
Dodging        | 1 |  1.6
Armour         | |  3.2
Shields        | |  3.2

Action                     |  1- 3 |  4- 6 |  7- 9 || total
---------------------------+-------+-------+-------++-------
  Melee: War axe           |    89 |    86 |    49 ||   224
  Throw: Javelin           |    53 |    20 |     3 ||    76
    Use: Scroll            |     4 |     5 |     1 ||    10
         Potion            |     1 |     3 |     4 ||     8
 Armour: Scale mail        |    53 |    45 |       ||    98
         Chain mail        |       |    12 |    37 ||    49
  Dodge: Dodged            |    40 |    31 |    14 ||    85
  Block: Buckler           |    23 |    22 |     7 ||    52

Table legend:
 A = Non-vault XP
 B = Vault XP
 C = Vault XP percentage of total XP
 D = Non-vault monster count
 E = Vault monster count
 F = Vault count percentage of total count
                 A         B        C        D         E       F
            +---------+---------+-------+---------+---------+-------
      Total |    1128 |     630 |  35.8 |      94 |       8 |   7.8
            +---------+---------+-------+---------+---------+-------
        D:1 |      50 |       3 |   5.7 |      29 |       3 |   9.4
        D:2 |      20 |       0 |   0.0 |      12 |       0 |   0.0
        D:3 |      60 |       0 |   0.0 |      22 |       0 |   0.0
        D:4 |     404 |      53 |  11.6 |      17 |       2 |  10.5
        D:5 |     404 |     297 |  42.4 |      11 |       2 |  15.4
        D:6 |     190 |     277 |  59.3 |       3 |       1 |  25.0
            +---------+---------+-------+---------+---------+-------
